Cogmind - Beta 16 @@@ ROGUE MODE // 2025.11.12 @ 14:46:40 Player: WarMechanic Result: Self-destructed Performance ------------- Evolutions (1) 500 Regions Visited (5) 1000 Robots Destroyed (44) 220 Value Destroyed (1107) 1107 Prototype IDs (24) 480 Alien Tech Used (0) 0 Bonus (300) 300 TOTAL SCORE: 3607 Bonus ------- Aligned with FarCom 300 Cogmind --------- Core Integrity 148/400 Matter 290/300 Energy 280/280 System Corruption 10% Temperature Cool (0) Movement Rolling (380) Ox20 Location -9/Exiles Parts ------- > --- POWER (2) -------- Heavy Ion Engine > --- PROPULSION (2) --- Wheel > --- UTILITY (3) ------ Humpback > --- WEAPON (2) ------- Hammer > --- INVENTORY (35) --- Heavy Ion Engine Heavy Ion Engine Light Treads Light Treads Heat Sink Large Storage Unit Structural Scanner Targeting Computer Targeting Computer ECM Suite ECM Suite ECM Suite ECM Suite Hacking Suite Trap Extractor (0/4) Beam Rifle Beam Cannon Peak State ------------ > --- POWER ------------ Heavy Ion Engine Heavy Ion Engine > --- PROPULSION ------- Light Treads Wheel > --- UTILITY ---------- Lightpack 2.0 > --- WEAPON ----------- Latent Energy Streamer Hammer > --- INVENTORY -------- Heavy Ion Engine Heavy Ion Engine Light Treads Light Treads Heat Sink Cooling System Cooling System Structural Scanner Targeting Computer Targeting Computer ECM Suite ECM Suite ECM Suite Trap Extractor [Rating: 51] Favorites ----------- Power Ion Engine Engine Ion Engine Propulsion Light Treads Treads Light Treads Wheel Compact Wheel Utility Large Storage Unit Device Heat Sink Storage Large Storage Unit Protection Light Armor Plating Weapon Beam Cannon Energy Gun Medium Laser Energy Cannon Beam Cannon Ballistic Gun Light Assault Rifle Impact Weapon Hammer Build | -11 -10 -10 -9 -9 -9 ------- Run | Yrd Mat Min Mat Min Exi Slots Evolved 2 | . . . 2 . . Power 1 | . . . 1 . . Propulsion . | . . . . . . Utility 1 | . . . 1 . . Weapon . | . . . . . . Parts Attached 46 | 7 13 4 17 . 5 Power 14 | 1 6 1 6 . . Engine 14 | 1 6 1 6 . . Core . | . . . . . . Reactor . | . . . . . . Propulsion 11 | 2 2 1 6 . . Treads 6 | 1 1 . 4 . . Leg . | . . . . . . Wheel 5 | 1 1 1 2 . . Hover . | . . . . . . Flight . | . . . . . . Utility 12 | 2 2 . 4 . 4 Device 6 | 1 1 . 2 . 2 Storage 4 | 1 1 . . . 2 Processor . | . . . . . . Hackware . | . . . . . . Protection 2 | . . . 2 . . Artifact . | . . . . . . Weapon 9 | 2 3 2 1 . 1 Energy Gun 4 | 2 1 . 1 . . Energy Cannon 2 | . 1 . . . 1 Ballistic Gun 1 | . 1 . . . . Ballistic Cannon . | . . . . . . Launcher . | . . . . . . Special Weapon . | . . . . . . Impact Weapon 2 | . . 2 . . . Slashing Weapon . | . . . . . . Piercing Weapon . | . . . . . . Special Melee Weapon . | . . . . . . Unidentified Prototypes 1 | . . . 1 . . Parts Lost 9 | . 2 . 4 . 3 Power 5 | . 1 . 3 . 1 Propulsion 2 | . 1 . . . 1 Utility 2 | . . . 1 . 1 Weapon . | . . . . . . Highest Loss Streak 3 | . 2 . 2 . 3 To Critical Strikes . | . . . . . . Average Backups 14 | 3 13 14 14 15 14 Power 1 | . . 1 . 2 1 Propulsion 1 | 1 1 1 1 2 1 Utility 8 | . 7 10 10 10 9 Weapon 2 | 1 3 2 2 1 1 Tool/Special . | . . . . . . Unused Backups 19 | . 2 1 4 . 12 Power 3 | . . 1 . . 2 Propulsion . | . . . . . . Utility 12 | . 1 . 2 . 9 Weapon 4 | . 1 . 2 . 1 Tool/Special . | . . . . . . Average Slot Usage (%) 97 | . 99 100 95 100 94 Engine 17 | . 13 14 19 22 21 Treads 12 | . 13 14 13 11 10 Wheel 11 | . 14 14 8 11 11 Device 15 | . 14 14 14 22 17 Storage 12 | . 14 14 11 11 10 Protection 1 | . . . 6 . . Energy Gun 2 | . 6 . 1 . . Energy Cannon 10 | . 8 14 9 11 10 Ballistic Gun 4 | . 12 3 . . . Impact Weapon 7 | . . 10 11 11 11 Peak Build Rating 51 | 7 8 8 16 16 51 Average Rating 12 | 5 7 8 10 16 23 On Entrance 9 | . 7 8 8 16 16 Avg Prop Armor Cover (%) 10 | 16 6 13 7 11 10 Naked Turns . | . . . . . . Heaviest Build 230 | 15 30 31 44 44 230 Greatest Support 40 | 20 20 16 40 10 10 Greatest Overweight (x) 22 | . 1 1 4 4 22 Average Overweight (x) 2 | . . 1 1 4 5 Largest Inventory Capacity 40 | 8 15 15 15 15 40 Average Capacity 15 | 7 13 15 15 15 19 Most Carried 18 | 6 15 15 15 15 18 Average Carried 14 | 3 13 14 14 15 14 Final Capacity 35 | 8 15 15 15 15 35 Final Carried 17 | 6 15 15 15 15 17 Class Distribution -------------------- 56% | Mutant 37% | Scavenger-Mutant 5% | Hauler-Mutant Dominant Class ---------------- Scavenger-Mutant | -10/Materials Mutant | -10/Mines Scavenger-Mutant | -9/Materials Mutant | -9/Mines Mutant | -9/Exiles Resources | -11 -10 -10 -9 -9 -9 ----------- Run | Yrd Mat Min Mat Min Exi Matter Collected 752 | 270 161 40 184 20 77 Remotely . | . . . . . . Salvage Created 1597 | 124 691 152 609 21 . Parts 89 | 4 38 6 41 . . Haulers Intercepted . | . . . . . . Recyclers Shooed 4 | 1 2 . 1 . . Parts Field Recycled . | . . . . . . Retrieved Matter . | . . . . . . Parts Self-Destructed . | . . . . . . Prevented . | . . . . . . Parts Restored . | . . . . . . Kills | -11 -10 -10 -9 -9 -9 ------- Run | Yrd Mat Min Mat Min Exi Combat Hostiles Destroyed 39 | . 20 2 17 . . Melee 1 | . . . 1 . . Guns 14 | . 11 . 3 . . Cannons 22 | . 8 2 12 . . Classes Destroyed 6 | 2 2 . 2 . . Builder 2 | . . . 1 1 . Tunneler 1 | 1 . . . . . Recycler 2 | 1 . . 1 . . Swarmer 15 | . 6 . 9 . . Grunt 21 | . 14 2 5 . . Sentry 3 | . . . 3 . . Best Kill Streak 5 | 2 3 2 5 1 . Combat Bots Only 5 | . 3 2 5 . . Max Kills in Single Turn 1 | 1 1 1 1 1 . Gunslinging . | . . . . . . Exploded . | . . . . . . Melee 1 | . . . 1 . . Uniques/NPCs Destroyed . | . . . . . . Combat | -11 -10 -10 -9 -9 -9 -------- Run | Yrd Mat Min Mat Min Exi Hostile Shots Fired 268 | . 117 9 129 . 13 Missed 67 | . 32 6 29 . . Hits 201 | . 85 3 100 . 13 Projectile 201 | . 85 3 100 . 13 Critical Strikes 2 | . . . 1 . 1 Damage Taken 2592 | . 806 40 975 . 771 Core 412 | . 145 15 152 . 100 Absorbed by Shields . | . . . . . . Redirected to Shielding 3 | . . . 3 . . Regen/Repaired (Parts) 99 | . . . 99 . . Core Remaining (%) 68 | 100 . 36 . . . Volleys Fired 163 | 4 57 12 90 . . Largest 2 | 2 2 1 1 . . Hottest 100 | 100 100 60 60 . . Shots Fired 228 | 8 114 12 92 . 2 Gun 126 | 8 90 . 28 . . Cannon 102 | . 24 12 64 . 2 Launcher . | . . . . . . Special . | . . . . . . Kinetic 41 | . 41 . . . . Thermal 185 | 8 73 12 92 . . Explosive . | . . . . . . Electromagnetic 2 | . . . . . 2 Robot Hit Streak 17 | 7 17 11 16 . 2 Robot Miss Streak 5 | . 5 1 5 . . Penetration Max . | . . . . . . Secondary Targets 2 | . 2 . . . . Max Gunslinging Chain 1 | . 1 . . . . Shots Hit Robots 146 | 7 69 13 55 1 1 Core Hits 58 | 2 31 3 22 . . Critical Kills 1 | . 1 . . . . Critical Parts Destroyed 1 | . . . 1 . . Critical Strikes 9 | 1 4 . 4 . . Burn 7 | 1 3 . 3 . . Meltdown 1 | . 1 . . . . Smash 1 | . . . 1 . . Melee Attacks 13 | . . 3 9 1 . Impact 13 | . . 3 9 1 . Slashing . | . . . . . . Piercing . | . . . . . . Sneak Attacks 1 | . . . . 1 . Combat Hostiles . | . . . . . . Follow-up Attacks . | . . . . . . Damage Inflicted 2330 | 88 858 333 985 66 . Guns 763 | 88 524 . 151 . . Cannons 1188 | . 334 173 681 . . Explosions . | . . . . . . Melee 379 | . . 160 153 66 . Ramming . | . . . . . . Kinetic 221 | . 221 . . . . Thermal 1730 | 88 637 173 832 . . Explosive . | . . . . . . Electromagnetic . | . . . . . . Impact 379 | . . 160 153 66 . Slashing . | . . . . . . Piercing . | . . . . . . Highest Corruption 10 | . . . 4 4 10 Average Corruption 4 | . . . 3 4 5 Corruption Purged . | . . . . . . Corruption Blocked . | . . . . . . Effects 41 | . . . 16 1 24 Message Errors 11 | . . . 5 . 6 Matter Fused 9 | . . . 4 . 5 Heat Flow Errors 4 | . . . 1 . 3 Energy Discharges 4 | . . . 1 1 2 Data Loss (minor) 6 | . . . 2 . 4 Data Loss (major) 2 | . . . 1 . 1 Misfires 4 | . . . 2 . 2 Alerts 1 | . . . . . 1 Overload Shots . | . . . . . . Overflow Damage 205 | . . 131 28 46 . Projectiles . | . . . . . . Explosions . | . . . . . . Melee 205 | . . 131 28 46 . Knockbacks 2 | . . . 1 1 . Impact 2 | . . . 1 1 . Kinetic . | . . . . . . Secondary . | . . . . . . Self-Inflicted Damage 123 | . . . 22 . 101 Shots 2 | . . . 1 . 1 Rammed . | . . . . . . Targets Rammed . | . . . . . . Kicked . | . . . . . . Crushed . | . . . . . . Highest Temperature 482 | 117 482 18 170 . 269 Average Temperature 95 | 53 120 13 64 . 117 Received Heat Transfer 501 | . 261 24 216 . . Effects 7 | . 7 . . . . Shutdowns 1 | . 1 . . . . Interference 1 | . 1 . . . . Damage (minor) 1 | . 1 . . . . Damage (major) 4 | . 4 . . . . Siege Activations . | . . . . . . Martial Activations . | . . . . . . Shielding Activations . | . . . . . . Robots Disrupted . | . . . . . . Combat Hostiles . | . . . . . . Robots Corrupted 2 | . . . 1 1 . Combat Hostiles 1 | . . . 1 . . Parts Fried 2 | . . 1 . 1 . Impact Corruptions 9 | . . 6 1 2 . Robots Melted 2 | 1 1 . . . . Combat Hostiles 1 | . 1 . . . . Parts Melted 8 | . 3 1 4 . . Heat Transferred 4531 | 333 1719 370 2109 . . Parts Sabotaged . | . . . . . . Parts Stolen . | . . . . . . Parts Stripped . | . . . . . . Power Chain Reactions . | . . . . . . Latent Energy Used 324 | . . . . . 324 LE Corruption 5 | . . . . . 5 Alert | -11 -10 -10 -9 -9 -9 ------- Run | Yrd Mat Min Mat Min Exi Maximum Alert Level 1 | . . . 1 . . Low Security (%) 91 | 100 100 100 73 100 . Level 1 8 | . . . 26 . . Level 2 . | . . . . . . Level 3 . | . . . . . . Level 4 . | . . . . . . Level 5 . | . . . . . . High Security . | . . . . . . Max Security . | . . . . . . Peak Influence 269 | 5 164 76 269 84 . Initial 84 | . . 56 . 84 . Average 57 | . 57 12 97 50 . Influence Increases 1120 | 10 543 60 502 5 . Destroy 0b10 Robot/C 780 | . 400 40 340 . . Destroy 0b10 Robot/NC 35 | 10 . 10 10 5 . Destroy Leader 170 | . 90 10 70 . . Successful Hack 41 | . 22 . 19 . . Disable Machine 60 | . 15 . 45 . . Destroy Structure 19 | . 1 . 18 . . Partial Spotted 15 | . 15 . . . . Influence Decreases 1120 | 10 398 205 286 212 9 Entered New Map 230 | . . 89 . 132 9 Time Decay 830 | 10 378 116 246 80 . Lost Part 60 | . 20 . 40 . . Squads Dispatched 8 | . 6 . 2 . . Investigation 4 | . 3 . 1 . . Extermination . | . . . . . . Reinforcement 4 | . 3 . 1 . . Assault . | . . . . . . Garrison . | . . . . . . Intercept . | . . . . . . Searches Triggered . | . . . . . . Construction Impeded . | . . . . . . Haulers Reinforced . | . . . . . . Active Scanning Responses . | . . . . . . Cargo Convoy Interrupts . | . . . . . . Stealth | -11 -10 -10 -9 -9 -9 --------- Run | Yrd Mat Min Mat Min Exi Distress Signals 6 | . 3 . 3 . . Communications Jammed . | . . . . . . Distress Signals . | . . . . . . Times Spotted 59 | . 26 2 25 . 6 Peak Tracking Total 12 | . 4 2 10 . 12 Tactical Retreats . | . . . . . . Traps | -11 -10 -10 -9 -9 -9 ------- Run | Yrd Mat Min Mat Min Exi Traps Triggered 4 | . 1 . 3 . . Indirectly . | . . . . . . Trap Hack Attempts . | . . . . . . Triggered . | . . . . . . Disarmed . | . . . . . . Reprogrammed . | . . . . . . Reused . | . . . . . . Traps Extracted . | . . . . . . Installed . | . . . . . . Triggered . | . . . . . . Machines | -11 -10 -10 -9 -9 -9 ---------- Run | Yrd Mat Min Mat Min Exi Machines Disabled 5 | . 1 . 3 . 1 Max in Single Turn 3 | . 1 . 3 . 1 Machines Repaired . | . . . . . . Machines Dismantled . | . . . . . . Machines Sabotaged . | . . . . . . Overloaded Fab Kills . | . . . . . . Hacking | -11 -10 -10 -9 -9 -9 --------- Run | Yrd Mat Min Mat Min Exi Machines Accessed 13 | . 5 . 3 . 5 Terminals 7 | . 5 . 2 . . Fabricators . | . . . . . . Repair Stations 1 | . . . 1 . . Recycling Units . | . . . . . . Scanalyzers . | . . . . . . Garrison Access . | . . . . . . Total Hacks 71 | . 13 . 8 . 50 Successful 64 | . 7 . 7 . 50 Failed 7 | . 6 . 1 . . Catastrophic 2 | . 1 . 1 . . Database Lockouts . | . . . . . . Manual 16 | . 11 . 4 . 1 Terminals 19 | . 13 . 6 . . Fabricators . | . . . . . . Repair Stations 2 | . . . 2 . . Recycling Units . | . . . . . . Scanalyzers . | . . . . . . Garrison Access . | . . . . . . Terminal Hacks 56 | . 3 . 3 . 50 Record 53 | . 2 . 2 . 49 Terminal Index 2 | . 1 . 1 . . Proto ID Catalog 1 | . . . . . 1 Fabricator Hacks . | . . . . . . Repair Station Hacks 2 | . . . 2 . . Scan Component 1 | . . . 1 . . Repair 1 | . . . 1 . . Recycling Unit Hacks . | . . . . . . Scanalyzer . | . . . . . . Garrison Access Hacks . | . . . . . . Unauthorized Hacks 6 | . 4 . 2 . . Terminals 6 | . 4 . 2 . . Botnet 6 | . 4 . 2 . . Fabricators . | . . . . . . Repair Stations . | . . . . . . Recycling Units . | . . . . . . Scanalyzers . | . . . . . . Garrison Access . | . . . . . . Data Cores Recovered . | . . . . . . Used . | . . . . . . Hacking Detections 7 | . 4 . 3 . . Full Trace Events 2 | . 1 . 1 . . Feedback Events . | . . . . . . Feedback Blocked . | . . . . . . Robot Schematics Acquired . | . . . . . . Robots Built . | . . . . . . Authchips . | . . . . . . Time . | . . . . . . Total Robot Build Rating . | . . . . . . Part Schematics Acquired . | . . . . . . Parts Built . | . . . . . . Authchips . | . . . . . . Time . | . . . . . . Total Part Build Rating . | . . . . . . Part Studies Acquired . | . . . . . . Parts Repaired 1 | . . . 1 . . Time 26 | . . . 26 . . Parts Recycled . | . . . . . . Recycled Matter . | . . . . . . Retrieved Matter . | . . . . . . Retrieved Components . | . . . . . . Parts Scanalyzed . | . . . . . . Part Schematics Acquired . | . . . . . . Parts Damaged . | . . . . . . Bothacking | -11 -10 -10 -9 -9 -9 ------------ Run | Yrd Mat Min Mat Min Exi Used RIF Installer . | . . . . . . Robots Hacked . | . . . . . . Non-combat . | . . . . . . Combat . | . . . . . . Robot Hacks Applied . | . . . . . . Relay Couplers Released . | . . . . . . Fabnet Peak Effective % . | . . . . . . Robots Rewired . | . . . . . . Allies Hacked . | . . . . . . Hacks Repelled . | . . . . . . Allies | -11 -10 -10 -9 -9 -9 -------- Run | Yrd Mat Min Mat Min Exi Total Allies . | . . . . . . Largest Group . | . . . . . . Highest-Rated Group . | . . . . . . Highest-Rated Ally . | . . . . . . Total Orders . | . . . . . . Ally Attacks . | . . . . . . Total Damage . | . . . . . . Kills . | . . . . . . Allies Corrupted . | . . . . . . Allies Melted . | . . . . . . Intel | -11 -10 -10 -9 -9 -9 ------- Run | Yrd Mat Min Mat Min Exi Active Infowar (turns) 917 | 38 315 . . . 564 Seismic 353 | 38 315 . . . . ECM 564 | . . . . . 564 Robot Analysis Total . | . . . . . . Derelict Logs Recovered 1 | . . 1 . . . Drone Launches . | . . . . . . Drone Recoveries . | . . . . . . Exploration | -11 -10 -10 -9 -9 -9 ------------- Run | Yrd Mat Min Mat Min Exi Turns Passed 4149 | 79 1215 728 936 167 1024 Spaces Moved 2262 | 50 520 593 399 115 585 Core 1 | 1 . . . . . Treads 482 | 2 322 . 158 . . Legs . | . . . . . . Wheels 1779 | 47 198 593 241 115 585 Hover . | . . . . . . Flight . | . . . . . . Fastest Speed 50 | 50 100 115 130 140 110 Average Speed 155 | 101 188 115 168 140 167 Slowest Speed 410 | 160 240 115 320 140 410 Overloaded Moves . | . . . . . . Propulsion Burnouts . | . . . . . . Robots Hopped . | . . . . . . Potential Cave-ins . | . . . . . . Cave-ins Triggered . | . . . . . . Exploration Rate (%) 56 | 4 78 98 39 24 93 Regions Visited 5 Branch Regions 3 Pre-discovered Areas 2 | . . 1 . . 1 Known Exits Taken . | . . . . . . Unknown Exits Taken 5 | 1 1 1 1 1 . Scrap Searched 1 | . . 1 . . . Spaces Dug . | . . . . . . Terrain Destroyed 40 | . . . 27 . 13 Melee . | . . . . . . Projectile . | . . . . . . AOE 40 | . . . 27 . 13 Terrain Rammed . | . . . . . . Walls Destroyed . | . . . . . . Machines Disabled . | . . . . . . Actions | -11 -10 -10 -9 -9 -9 --------- Run | Yrd Mat Min Mat Min Exi Total 2656 | 66 658 621 563 119 629 Wait 67 | . 38 6 19 4 . Move 2257 | 49 519 592 398 114 585 Hop . | . . . . . . Pick Up 66 | 6 18 1 13 . 28 Fast Attach 17 | 7 1 . 5 . 4 Attach 6 | . 1 . 3 . 2 Detach 1 | . . . . . 1 Swap 27 | . 11 4 11 . 1 Drop 39 | . 13 3 15 . 8 Fire 163 | 4 57 12 90 . . Melee 13 | . . 3 9 1 . Ram . | . . . . . . Kick . | . . . . . . Crush . | . . . . . . Escape Stasis . | . . . . . . Rewire . | . . . . . . Trap . | . . . . . . Miscellaneous . | . . . . . . Route ------- -11/Scrapyard -10/Materials (discovered 4 exits: *Mat x2 / [*Min] / [*Sub]) -10/Mines (discovered 2 exits: *Mat x2) -9/Materials -9/Mines (discovered 2 exits: [*Mat] / *Exi) -9/Exiles (discovered 2 exits: [*Min x2]) History --------- Turn | Location | Event 21 | -11/Scrapyard | Discovered new exit (range 15) 80 | -11/Scrapyard | Entered Materials 319 | -10/Materials | Build established: Mutant 493 | -10/Materials | Discovered new exit (range 6) 580 | -10/Materials | Derelicts attacked the area 681 | -10/Materials | Build established: Scavenger-Mutant 695 | -10/Materials | Discovered new exit (range 9) 1050 | -10/Materials | Discovered new exit (range 3) 1074 | -10/Materials | Core integrity fell below 50% 1151 | -10/Materials | Discovered new exit (range 5) 1295 | -10/Materials | Entered Mines 1316 | -10/Mines | Met a Derelict bent on vengeance 1389 | -10/Mines | Learned location of Zion (-6) 1391 | -10/Mines | Discovered new exit (range 9) 1590 | -10/Mines | Build established: Mutant 1676 | -10/Mines | Discovered new exit (range 14) 2023 | -10/Mines | Entered Materials 2023 | -9/Materials | Evolved 2 slots: Power x1, Utility x1 2440 | -9/Materials | Build established: Scavenger-Mutant 2621 | -9/Materials | Discovered new exit (range 16) 2699 | -9/Materials | Repaired Beam Cannon 2959 | -9/Materials | Entered Mines 3089 | -9/Mines | Discovered new exit (range 9) 3117 | -9/Mines | Deemed a non-threat by the Exiles lab entrance 3119 | -9/Mines | Discovered new exit (range 5) 3126 | -9/Mines | Entered Exiles 3147 | -9/Exiles | Discovered new exit (range 15) 3168 | -9/Exiles | Met 8R-AWN 3186 | -9/Exiles | Build established: Mutant 3198 | -9/Exiles | Met EX-HEX 3250 | -9/Exiles | Met EX-BIN 3275 | -9/Exiles | Aligned with FarCom system 3276 | -9/Exiles | Given EX-Vault access code 3332 | -9/Exiles | Opened EX-Vault 3342 | -9/Exiles | Found Latent Energy Streamer 3354 | -9/Exiles | Found Lightpack 2.0 3472 | -9/Exiles | Warned to stay clear of 0b10 Research branches 3522 | -9/Exiles | Met EX-DEC 3620 | -9/Exiles | Discovered new exit (range 12) 3735 | -9/Exiles | Visited The Gauntlet 4125 | -9/Exiles | Attacked by the Exiles 4125 | -9/Exiles | System corruption reached 10% 4141 | -9/Exiles | Core integrity fell below 50% 4150 | -9/Exiles | Self-destructed Last Messages --------------- 04015_ System corrupted: Energy discharge (-147). 04060_ System corrupted: Heat flow error (+285). 04124_ System corrupted: FCS attempts to trigger Latent Energy Streamer. 04124_ System corrupted: Latent Energy Streamer misfires. 04124_ Machine disabled. 04125_ EXILES: Hostile robot within lab perimeter. Defensive protocols time, folks! 04127_ EX-DEC: "Let's see what this bad boy can do..." 04127_ EX-DEC deploys DAS Turret. 04127_ Knocked back. 04130_ Lgt. Treads destroyed. 04138_ Knocked back. 04140_ Latent Energy Streamer blasted off. 04142_ Cooling System destroyed. 04146_ Hvy. Ion Engine destroyed. 04148_ Knocked back. Map ----- +----------------------------------------------------+ | ???????????????????????????????????????#""""""## | | ???????????????????????????????????????#"""" ## | | ???????????????????????????????????????#""X" | | ???????????????????????????????????????#" | | ???????????????????????????????????????#" ## | | #??????????????????????????????????????#""""""## | | ??????????????????????????????????????##"###### | | #?????????????????????????????????????? "?????# | | #?????????????????????????????????????"""??????# | | ##????????????????????????????????????"""?????## | | #????????????#######?????????????????????????#" | | #######??????#!!! "#?????????????????????????#" | | #""##?????# "#?????????????????????????#" | | #?????# "#?????????????????????????#" | | ##???## ""#??????????########???????#" | | #####" ""#??????????# """#???????#" | | ##" ""#??????????#"" """#???????## | | # #"" #????????????#"" #????????# | | #"## #????????????#"" #????????#" | | ####### ##???????????#"" "#????????#" | | ??????### "#???????????# ""#????????#" | | ########" ###?????????#"" ""#???????##" | | # !!""""" ##????????### ###??????##"" | | #! "###"" ######???### ###?######"" | | #! "#?##" " "#####X# #"###""""""" | | #! ##??#" @% """""" " "" | | # !""""""###???#"# "" """ " | | ##########?????#### a %% " " | | ??????????????????### a% | | ????????????????????### a | | ??????????????????????## | | ???????????????????????#; a | | ???????????????????????#;; | | ???????????????????????# ; """"" | | ???????????????????????#;; ###### | | ???????????????????????## ""##????# | | ???????????????????????##" a """##?????? | | ???????????????????????#""" """##??????? | | ???????????????????????#""" ""#???????? | | ???????????????????????#"" ########?? | | ???????????????????????#"""t ## ### | | ???????????????????????#"" "" | | ???????????????????????##"" | | ????????????????????????#"""" | | ????????????????????????## | | ?????????????????????????#" " | | ?????????????????????????#"""" ""## | | ?????????????????????????#"" ""#### | | ?????????????????????????#" """"##??# | | ?????????????????????????#""" """#??## | +----------------------------------------------------+ Best States ------------- Heat Dissipation 60 Energy Generation 23 Energy Capacity 460 Matter Stores 300 Matter Capacity 300 Sight Range 16 Terrain Scan Density 10 ECM Strength 1 Armor Coverage 150 Core Shielding 20 Evasion (%) 40 Recoil Reduction 2 Item Schematics ----------------- None Robot Schematics ------------------ None Fabricated ------------ Nothing Repaired ---------- Beam Cannon | 1% | -9/Materials Studied --------- None Alien Tech Used ----------------- None Achievements -------------- None Challenges ------------ None Game ------ Seed BiocellMetafiberMultitool Manual? 0 Play Time 00:37:20 Cumulative 25.4 hours Start 2025.11.12 @ 14:02:46 End 2025.11.12 @ 14:46:40 Sessions 1 Manual Loads 0 Difficulty Rogue Special Mode None Game No. 32 Rogue 32 Adventurer 0 Explorer 0 Win Type - Total 0 Types 0/0/0/0/0/0/0/0/0/0 Lore% 9 Gallery% 13 Achievement% 12 Wizard Run 0 Options --------- Layout 1 ASCII 0 Keyboard 1 Movement Arrows Keybinds 1 Fullscreen 2 Font 24/Smallcaps Map View 50x35 Zoom Use 0% Tactical HUD 1 Map Filters NONE Filters NONE Steam 1 RUN: 92ebf323-c666-4f71-b982-c1ef455bab80